 Dungeon Crawl Stone Soup version 0.20.0-10-g0535bb4 (console) character file.

120 removed the Sneak (level 4, -1/25 HPs)
             Began as a Deep Elf Assassin on June 4, 2017.
             Slain by an orc priest
             ... wielding a cursed +0 club
              (3 damage)
             ... on level 3 of the Dungeon.
             The game lasted 00:04:16 (2705 turns).

removed the Sneak (Deep Elf Assassin)               Turns: 2705, Time: 00:04:17

Health: -1/25      AC:  3    Str:  8    XL:     4   Next: 75%
Magic:  6/6        EV: 14    Int: 17    God:
Gold:   49         SH:  0    Dex: 16    Spells: 3/3 levels left

rFire    . . .     SeeInvis .   a - +1 dagger (venom)
rCold    . . .     Gourm    .   (no shield)
rNeg     . . .     Faith    .   t - +0 robe
rPois    .         Spirit   .   (no helmet)
rElec    .         Reflect  .   d - +0 cloak
rCorr    .         Harm     .   (no gloves)
MR       .....                  (no boots)
Stlth    ++++......             (no amulet)
Regen    0.1/turn               i - ring of stealth
MPRegen  0.1/turn               (no ring)

@: no status effects
A: no striking features
a: no special abilities


You were on level 3 of the Dungeon.
You were hungry.

You visited 1 branch of the dungeon, and saw 3 of its levels.

You collected 49 gold pieces.

Inventory:

Hand Weapons
 a - a +1 dagger of venom (weapon)
 b - a +0 blowgun
 c - a +1 short sword of draining
 l - a +2 dagger
Missiles
 e - 41 poisoned needles
 f - a curare-tipped needle
 A - a throwing net (quivered)
Armour
 d - a +0 cloak (worn)
 m - a +0 pair of boots
 t - a +0 robe (worn)
Jewellery
 i - a ring of stealth (left hand)
Scrolls
 h - 2 scrolls of remove curse {unknown}
 j - 2 scrolls of teleportation {unknown}
 k - 3 scrolls of amnesia {unknown}
 q - 2 scrolls of immolation {unknown}
 r - 2 scrolls of identify {unknown}
 v - a scroll of noise {unknown}
 y - a scroll of random uselessness {unknown}
Potions
 x - a potion of lignification
Comestibles
 g - 2 bread rations
 u - a meat ration
 w - 5 chunks of flesh
 z - a fruit


   Skills:
 - Level 1.5 Fighting
 - Level 4.0 Short Blades
 - Level 2.0 Throwing
 + Level 3.7 Dodging
 - Level 4.8 Stealth


You had 3 spell levels left.
You didn't know any spells.

Dungeon Overview and Level Annotations

Branches:
Dungeon (3/15)

Altars:
Nemelex Xobeh
Sif Muna


Message History

Unknown command.
You hit the orc priest but do no damage.
The orc priest looks as sick as possible!
The orc priest is moderately wounded.
Some of the chunks of flesh in your inventory have rotted away.
You hit the orc priest.
The orc priest is heavily wounded.
The orc priest barely misses you.
Unknown command.
You barely miss the orc priest.
The orc priest is heavily wounded.
The orc priest hits you with a club.
* * * LOW HITPOINT WARNING * * *
Unknown command.
Unknown command.
You are feeling hungry.
You hit the orc priest but do no damage.
The orc priest is severely wounded.
The orc priest hits you with a club.
You die...

#. ###.#.......#......##....
#..##(.#.......#......#####.
####.#..(#.#...#.#......# ##..
.(......(#.......#......###..)
.........##.....##.(....#...#.
.........###.⌠$###......#.....
..........#######..).......###
.............o..........##>###
..#####.....w@...............<
.. ##...........#..........
##...#......#..........
#........#.#..........
...##.....(.#..........
.........#####..........
...[...... #.......... ..
##....#...# ........#.### ....
...#.% ....#####..##


You could see a worm and an orc priest.

Vanquished Creatures
  Jessica (D:2)
  3 adders (D:2)
  An adder skeleton (D:2)
  2 adder zombies (D:2)
  A worm (D:3)
  A dart slug (D:2)
  A leopard gecko (D:3)
  7 orcs
  4 bats
  A giant cockroach (D:2)
  4 goblins
  3 hobgoblins
  4 jackals (D:1)
  7 kobolds
  A ball python (D:1)
  A ball python skeleton (D:2)
  2 frilled lizards
  5 rats
49 creatures vanquished.

Notes
Turn   | Place    | Note
-------+----------+-------------------------------------------
     0 | D:1      | removed the Deep Elf Assassin began the quest for the Orb.
     0 | D:1      | Reached XP level 1. HP: 12/12 MP: 3/3
   364 | D:1      | Reached XP level 2. HP: 7/16 MP: 4/4
  1300 | D:2      | Found a deep blue altar of Sif Muna.
  1341 | D:2      | Found a sparkling altar of Nemelex Xobeh.
  1341 | D:2      | Noticed Jessica
  1351 | D:2      | Killed Jessica
  1351 | D:2      | Reached XP level 3. HP: 3/20 MP: 5/5
  1858 | D:2      | Reached XP level 4. HP: 18/25 MP: 6/6
  2705 | D:3      | Slain by an orc priest

Skill      XL: |  1  2  3  4 |
---------------+-------------+-----
Short Blades   | 3 4 |  4.0
Dodging        | 2 3 |  3.7
Fighting       | |  1.5
Throwing       | |  2.0
Stealth        | |  4.8

Action                   |  1- 3 |  4- 6 || total
-------------------------+-------+-------++-------
Melee: Short sword       |    50 |       ||    50
       Dagger            |    26 |    43 ||    69
 Fire: Blowgun           |     9 |    19 ||    28
  Use: Potion            |     3 |       ||     3
 Stab: Sleeping          |     4 |     6 ||    10
       Distracted        |       |     3 ||     3
  Eat: Chunk             |     3 |     2 ||     5
Armor: Robe              |    11 |     5 ||    16
Dodge: Dodged            |    34 |    20 ||    54
